 Dungeon Crawl Stone Soup version 0.31-a0-233-g139696dc86 (webtiles) character file.

Game seed: 309729769614888958

217 qw the Shooter (level 5, -25/32 HPs)
             Began as a Gargoyle Hexslinger on July 9, 2023.
             Annihilated by an ogre
             ... wielding a +0 giant club
              (33 damage)
             ... on level 4 of the Dungeon.
             The game lasted 00:01:14 (3422 turns).

qw the Shooter (Gargoyle Hexslinger)                Turns: 3422, Time: 00:01:14

Health: -25/32     AC: 11    Str: 18    XL:     5   Next: 94%
Magic:  6/6        EV: 11    Int: 13    God:
Gold:   146        SH:  0    Dex: 14    Spells: 5/6 levels left

rFire   . . .        Y - +2 sling
rCold   . . .        (no shield)
rNeg    + . .        d - +0 ring mail
rPois   inf          n - +1 helmet
rElec   +            (no cloak)
rCorr   .            (no gloves)
SInv    +            (no boots)
Will    .....        k - amulet of faith
Stlth   +            h - ring of see invisible
HPRegen 0.25/turn    m - +6 ring of strength
MPRegen 0.10/turn

%: faith
@: no status effects
A: sickness immunity, AC +4, negative energy resistance 1, electricity
resistance, torment resistance 1, petrification resistance
a: no special abilities


You were on level 4 of the Dungeon.
You visited 1 branch of the dungeon, and saw 4 of its levels.

You collected 146 gold pieces.


Innate Abilities, Weirdness & Mutations

You are immune to sickness and miasma.
Your stone body is resilient. (AC +4)
You are immune to poison.
You resist negative energy. (rN+)
You are resistant to electric shocks. (rElec)
You are resistant to unholy torment.
You are immune to petrification.


   Skills:
 + Level 2.9 Fighting
 - Level 5.2 Ranged Weapons
 - Level 1.0 Armour
 - Level 1.5 Dodging
 - Level 1.0 Spellcasting
 - Level 2.6 Hexes


You had 5 spell levels left.
You knew the following spells:

 Your Spells              Type           Power      Damage    Failure   Level
a - Slow                  Hex            28%        N/A       17%         1

Your spell library contained the following spells:

 Spells                   Type           Power      Damage    Failure   Level
 Inner Flame              Hex/Fire       4%         N/A       65%         3
 Portal Projectile        Hex/Tloc       8%         N/A       65%         3
 Cause Fear               Hex            3%         N/A       86%         4

Inventory:

Hand Weapons
 Y - a +2 sling (weapon)
Armour
 d - a +0 ring mail (worn)
 n - a +1 helmet (worn)
Jewellery
 a - an amulet of reflection
 h - a ring of see invisible (left hand)
 k - an amulet of faith (around neck)
 m - a +6 ring of strength (right hand)
Scrolls
 g - a scroll of identify
Potions
 e - a potion of brilliance {unknown}
 f - a potion of mutation
 i - a potion of haste {unknown}
 j - a potion of curing {unknown}
 o - a potion of magic {unknown}

Dungeon Overview and Level Annotations

Branches:
Dungeon (4/15)
 Temple: D:4-7

Altars:


Message History

You shoot a sling bullet. The sling bullet hits the hobgoblin.
The hobgoblin is almost dead.
The hobgoblin hits you but does no damage.
You shoot a sling bullet. The sling bullet hits the hobgoblin.
You kill the hobgoblin!
You see here a hobgoblin corpse.
You open the door.
An ogre comes into view. It is wielding a +0 giant club.
The ogre shouts!
You hear a shout!
Enter note:
Enter note:
Enter note:
Enter note: You shoot a sling bullet.
The sling bullet barely misses the ogre.
Enter note:
Enter note:
Enter note:
Enter note: You shoot a sling bullet.
The sling bullet hits the ogre.
The ogre is lightly wounded.
The ogre hits you with a +0 giant club.
You shoot a sling bullet.
The sling bullet barely misses the ogre.
A hobgoblin comes into view.
The ogre hits you with a +0 giant club!!
Ouch! That really hurt!
You shoot a sling bullet.
The sling bullet barely misses the ogre.
The ogre hits you with a +0 giant club.
You shoot a sling bullet. The sling bullet hits the ogre!
The ogre is heavily wounded.
The ogre barely misses you.
You shoot a sling bullet.
The sling bullet barely misses the ogre.
You shoot a sling bullet. The sling bullet hits the ogre.
The ogre is heavily wounded.
The ogre hits you with a +0 giant club!!
Ouch! That really hurt!
You die...

#.~ #.. ~~ #... 7 ~ ~P~
#... ~7 ~7~~~~P~ ##....
~7~~~~~~~~~77
......#####~~P~~~~~~~P~P
......O@..~7P~~~~~~~~~~~
....g.#...P~~~~~~~~~~~~7
..... #..%77~~~~~~~~~P~7
.... ###.7 P~~~~~~~~~7~
#'# ##'77~~~~~~~~~~~~ .
#..P~~~~~~~~~~~~7
#..~~~~~~~~~~~7~7
#..PPP~~~~~~~~~~7
#..77~~~~~~~~~~~~


You could see an ogre and a hobgoblin.

Vanquished Creatures
  An orc priest (D:4)
  2 orc wizards (D:4)
  7 adders
  A worm (D:2)
  A dart slug (D:3)
  8 orcs
  4 bats
  4 endoplasms
  3 giant cockroaches
  4 goblins
  4 hobgoblins
  A jackal (D:3)
  8 kobolds
  3 quokkas
  6 ball pythons
  2 frilled lizards
  3 rats
62 creatures vanquished.

Notes
Turn   | Place    | Note
-------+----------+-------------------------------------------
     0 | D:1      | qw the Gargoyle Hexslinger began the quest for the Orb.
     0 | D:1      | Reached XP level 1. HP: 12/12 MP: 2/2
     0 | D:1      | 0 ||| qw: Version: 0.3-a-51-g015441d
     0 | D:1      | 0 ||| qw: Game counter: 4030
     0 | D:1      | 0 ||| qw: Melee chars always use a shield: true
     0 | D:1      | 0 ||| qw: God list: Okawaru
     0 | D:1      | 0 ||| qw: Allow faded altars: false
     0 | D:1      | 0 ||| qw: Do Orc after clearing Dungeon:15 true
     0 | D:1      | 0 ||| qw: Do second Lair branch before Depths: true
     0 | D:1      | 0 ||| qw: Lair rune preference: random
     0 | D:1      | 0 ||| qw: Goals: Normal
     0 | D:1      | 0 ||| PLANNING D:1-11
   413 | D:1      | Reached XP level 2. HP: 16/16 MP: 3/3
   823 | D:1      | 823 ||| UPGRADING to +0 ring mail.
   833 | D:1      | 833 ||| DROPPING +0 robe.
   834 | D:1      | 834 ||| UPGRADING to +0 helmet.
   839 | D:1      | 839 ||| UPGRADING to amulet of faith.
   844 | D:1      | 844 ||| UPGRADING to ring of see invisible.
   845 | D:1      | 845 ||| UPGRADING to +6 ring of strength.
   846 | D:1      | 846 ||| READING scroll labelled JUNNONUB BILERGHUD.
   847 | D:1      | 847 ||| READING scroll labelled HUENE OCLUPOGE.
   848 | D:1      | 848 ||| READING scroll labelled PUSMEURAJEO.
   849 | D:1      | 849 ||| DROPPING scroll of poison.
   918 | D:2      | Reached skill level 3 in Ranged Weapons
  1008 | D:2      | Reached XP level 3. HP: 20/21 MP: 4/4
  1016 | D:2      | HP: 5/21 [worm (3)]
  1238 | D:2      | Found a faded altar of an unknown god.
  1710 | D:2      | 1710 ||| READING 2 scrolls labelled GOSONUPT QAGI.
  1711 | D:2      | 1711 ||| READING scroll of enchant armour.
  1711 | D:2      | 1711 ||| ENCHANTING +0 helmet.
  1712 | D:2      | 1712 ||| READING scroll labelled HONIOTHO MISAU.
  1713 | D:2      | 1713 ||| READING scroll labelled DUWURUI KOOMADA.
  1718 | D:2      | 1718 ||| READING scroll labelled GAELLI LAC XEH.
  1719 | D:2      | 1719 ||| READING 2 scrolls of identify.
  1719 | D:2      | 1719 ||| IDENTIFYING coppery potion
  2077 | D:3      | Reached XP level 4. HP: 26/26 MP: 5/5
  2134 | D:3      | 2134 ||| Stepping ~*~*~tactically~*~*~ (outnumbered).
  2144 | D:3      | 2144 ||| FLEEEEING.
  2181 | D:3      | Reached skill level 4 in Ranged Weapons
  2607 | D:3      | Reached skill level 1 in Armour
  2944 | D:3      | 2944 ||| READING scroll labelled OQIYWOUSAZ.
  2945 | D:3      | 2945 ||| READING scroll labelled POROIR TUMN.
  2946 | D:3      | 2946 ||| READING scroll labelled VAUKKE CIFFU.
  2947 | D:3      | 2947 ||| READING 2 scrolls of identify.
  2947 | D:3      | 2947 ||| IDENTIFYING gluggy blue potion
  2948 | D:3      | 2948 ||| DROPPING potion of attraction.
  3120 | D:4      | Reached XP level 5. HP: 30/30 MP: 6/6
  3244 | D:4      | 3244 ||| Stepping ~*~*~tactically~*~*~ (outnumbered).
  3246 | D:4      | 3246 ||| Stepping ~*~*~tactically~*~*~ (outnumbered).
  3270 | D:4      | Reached skill level 5 in Ranged Weapons
  3293 | D:4      | HP: 7/31 [adder (1)]
  3294 | D:4      | 3294 ||| READING scroll of teleportation.
  3414 | D:4      | Noticed an ogre
  3419 | D:4      | HP: 7/32 [ogre/+0 giant club (2)]
  3422 | D:4      | Annihilated by an ogre

Levels and vault maps discovered:
D:1:      sevenhm_arrival_forest_fort_small_4, layout_basic
D:2:      layout_basic, shapermc_ecumenical_altar_notcrosses,
          minmay_misc_feat_tower, kennysheep_path_1,
          minmay_misc_feat_nine_boxes, minmay_pentomino_v4
D:3:      minmay_bubble_buster, layout_basic, st_stairs_4,
          corexii_leaking_fountain
D:4:      layout_gridville, serial_bayou, serial_bayou_crossing,
          serial_bayou_lake_a, serial_bayou_pond_d, serial_bayou_lagoon_a

Skill      XL: |  1  2  3  4  5 |
---------------+----------------+-----
Ranged Weapons | 3 4 5 |  5.2
Fighting       | 2 |  2.9
Armour         | 1 |  1.0
Dodging        | |  1.5
Spellcasting   | |  1.0
Hexes          | |  2.6

Action                     |  1- 3 |  4- 6 || total
---------------------------+-------+-------++-------
   Fire: Sling             |   116 |   158 ||   274
    Use: Scroll            |     9 |     5 ||    14
 Armour: Robe              |     2 |       ||     2
         Ring mail         |    26 |    95 ||   121
  Dodge: Dodged            |    59 |    89 ||   148

Table legend:
 A = Non-vault XP
 B = Vault XP
 C = Vault XP percentage of total XP
 D = Non-vault monster count
 E = Vault monster count
 F = Vault count percentage of total count
                 A         B        C        D         E       F
            +---------+---------+-------+---------+---------+-------
      Total |     244 |      66 |  21.3 |      47 |      15 |  24.2
            +---------+---------+-------+---------+---------+-------
        D:1 |      14 |       0 |   0.0 |       8 |       0 |   0.0
        D:2 |      28 |      20 |  41.7 |      11 |       3 |  21.4
        D:3 |      20 |      46 |  69.7 |      10 |      12 |  54.5
        D:4 |     182 |       0 |   0.0 |      18 |       0 |   0.0
            +---------+---------+-------+---------+---------+-------
